 Dungeon Crawl Stone Soup version 0.31-a0-182-gc5ef74bbde (webtiles) character file.

Game seed: 10730593178219774571

318 qw the Chopper (level 6, -2/39 HPs)
             Began as a Gargoyle Fighter on June 20, 2023.
             Slain by Menkaure (9 damage)
             ... on level 4 of the Dungeon.
             The game lasted 00:01:23 (2376 turns).

qw the Chopper (Gargoyle Fighter)                   Turns: 2376, Time: 00:01:24

Health: -2/39      AC: 17    Str: 21    XL:     6   Next: 45%
Magic:  6/6        EV:  5    Int:  9    God:
Gold:   174        SH:  4    Dex:  9    Spells: 5/5 levels left

rFire   . . .        Y - +0 war axe
rCold   . . .        c - +0 buckler
rNeg    + + .        n - +0 plate armour
rPois   inf          (no helmet)
rElec   +            (no cloak)
rCorr   .            (no gloves)
SInv    .            e - +0 pair of boots
Will    .....        (no amulet) Stlth
                     i - ring of positive energy
HPRegen 0.26/turn    (no ring)
MPRegen 0.10/turn

%: no passive effects
@: no status effects
A: sickness immunity, AC +4, negative energy resistance 1, electricity
resistance, torment resistance 1, petrification resistance
a: no special abilities


You were on level 4 of the Dungeon.
You visited 1 branch of the dungeon, and saw 4 of its levels.

You collected 216 gold pieces.
You spent 42 gold pieces at shops.


Innate Abilities, Weirdness & Mutations

You are immune to sickness and miasma.
Your stone body is resilient. (AC +4)
You are immune to poison.
You resist negative energy. (rN+)
You are resistant to electric shocks. (rElec)
You are resistant to unholy torment.
You are immune to petrification.


   Skills:
 - Level 4.5 Fighting
 + Level 5.4 Axes
 - Level 3.2 Armour
 - Level 3.2 Shields


You had 5 spell levels left.
You didn't know any spells.
Your spell library was empty.

Inventory:

Hand Weapons
 l - a +0 flail
 Y - a +0 war axe (weapon)
Armour
 c - a +0 buckler (worn)
 e - a +0 pair of boots (worn)
 n - a +0 plate armour (worn)
Jewellery
 i - a ring of positive energy (left hand)
Scrolls
 a - a scroll of identify
Potions
 d - a potion of might
 f - a potion of attraction
 h - a potion of degeneration {unknown}
 j - a potion of heal wounds {unknown}
 k - a potion of curing
 m - a potion of enlightenment {unknown}

Dungeon Overview and Level Annotations

Branches:
Dungeon (4/15)
 Temple: D:4-7

Altars:

Shops:
D:2 *

Annotations:
D:4 Menkaure


Message History

The adder is moderately wounded.
The endoplasm quivers.
The kobold shouts!
The adder barely misses you. You block the adder's attack.
You slash the adder!
You kill the adder!
2364 ||| Stepping ~*~*~tactically~*~*~ (hiding).
2365 ||| Stepping ~*~*~tactically~*~*~ (hiding).
2366 ||| FLEEEEING.
2367 ||| Stepping ~*~*~tactically~*~*~ (hiding).
2368 ||| FLEEEEING.
The kobold completely misses you.
Menkaure casts a spell.
Menkaure seems to speed up.
You hit the kobold.
You kill the kobold!
The endoplasm freezes you.
You are frozen.
You hit the endoplasm.
The endoplasm is heavily wounded.
You block the endoplasm's attack.
You hit the endoplasm.
You kill the endoplasm!
You barely miss Menkaure.
Menkaure calls on the powers of darkness!
Your body is wracked with pain!
You hit Menkaure.
Menkaure is lightly damaged.
Menkaure hits you but does no damage.
Menkaure mumbles drily.
Menkaure calls on the powers of darkness!
Your body is wracked with pain!
You barely miss Menkaure.
Menkaure is lightly damaged.
Menkaure casts a spell at you. Pain shoots through your body!
Menkaure hits you!
You slash Menkaure!
Menkaure is heavily damaged.
Menkaure hits you!
You die...

.... ###. .... ......
..... .###.. .....
#.##...# ......
.#....#..# ......##....#
#..##
......%.....####..####
......%M##..<..##....####
......##@..#......##.....
..J.# #.###......######.
... ##.#............<.. .
#....#......#######
#....####......# #####
########


You could see Menkaure (fast).

Vanquished Creatures
  A black bear (D:3)
  An orc priest (D:3)
  An iguana (D:4)
  An orc wizard (D:3)
  7 adders
  4 orcs (D:3)
  A ball python (D:2)
  13 endoplasms
  3 giant cockroaches
  9 goblins
  9 hobgoblins
  2 quokkas (D:1)
  5 bats
  8 frilled lizards
  8 kobolds
  9 rats
82 creatures vanquished.

Notes
Turn   | Place    | Note
-------+----------+-------------------------------------------
     0 | D:1      | qw the Gargoyle Fighter began the quest for the Orb.
     0 | D:1      | Reached XP level 1. HP: 14/14 MP: 1/1
     0 | D:1      | 0 ||| qw: Version: 0.3-a-9-g12657ce
     0 | D:1      | 0 ||| qw: Game counter: 1257
     0 | D:1      | 0 ||| qw: Always use a shield: true
     0 | D:1      | 0 ||| qw: God list: Okawaru
     0 | D:1      | 0 ||| qw: Allow faded altars: false
     0 | D:1      | 0 ||| qw: Do Orc after D:15 true
     0 | D:1      | 0 ||| qw: Do second Lair branch before Depths: true
     0 | D:1      | 0 ||| qw: Lair rune preference: random
     0 | D:1      | 0 ||| qw: Plans: Normal, Zot:1-4, Slime:5, God:TSO, Crypt,
                  | Tomb, Abyss, Pan, Hells, Win
     0 | D:1      | 0 ||| PLANNING D:1-11
    31 | D:1      | Reached skill level 2 in Axes
   115 | D:1      | Reached XP level 2. HP: 19/19 MP: 2/2
   130 | D:1      | 130 ||| Stepping ~*~*~tactically~*~*~ (stealth).
   131 | D:1      | 131 ||| Stepping ~*~*~tactically~*~*~ (stealth).
   258 | D:1      | 258 ||| Stepping ~*~*~tactically~*~*~ (stealth).
   317 | D:1      | 317 ||| Stepping ~*~*~tactically~*~*~ (stealth).
   321 | D:1      | Reached skill level 3 in Axes
   328 | D:1      | Reached XP level 3. HP: 23/23 MP: 3/3
   548 | D:1      | 548 ||| DROPPING +0 club.
   608 | D:1      | 608 ||| READING 2 scrolls labelled GATHRO IDEN.
   657 | D:2      | 657 ||| Stepping ~*~*~tactically~*~*~ (stealth).
   659 | D:2      | 659 ||| Stepping ~*~*~tactically~*~*~ (stealth).
   678 | D:2      | Found a faded altar of an unknown god.
   770 | D:2      | 770 ||| Stepping ~*~*~tactically~*~*~ (stealth).
   771 | D:2      | 771 ||| Stepping ~*~*~tactically~*~*~ (stealth).
   772 | D:2      | 772 ||| Stepping ~*~*~tactically~*~*~ (stealth).
   799 | D:2      | Reached XP level 4. HP: 13/28 MP: 4/4
   953 | D:2      | Found Guvouts's General Store.
   964 | D:2      | Reached skill level 4 in Axes
   968 | D:2      | 968 ||| BUYING potion of curing (42 gold).
   968 | D:2      | Bought a potion of curing for 42 gold pieces
   968 | D:2      | 968 ||| SHOPLISTING potion of haste (140 gold, have 74).
   968 | D:2      | 968 ||| SHOPLISTING ring of resist corrosion (280 gold,
                  | have 74).
  1205 | D:2      | 1205 ||| UPGRADING to +0 pair of boots.
  1210 | D:2      | 1210 ||| READING scroll labelled IMERUYCUICW.
  1406 | D:3      | 1406 ||| Stepping ~*~*~tactically~*~*~ (stealth).
  1463 | D:3      | 1463 ||| Stepping ~*~*~tactically~*~*~ (stealth).
  1544 | D:3      | 1544 ||| FLEEEEING.
  1545 | D:3      | 1545 ||| FLEEEEING.
  1546 | D:3      | 1546 ||| FLEEEEING.
  1547 | D:3      | 1547 ||| FLEEEEING.
  1549 | D:3      | 1549 ||| FLEEEEING.
  1550 | D:3      | 1550 ||| FLEEEEING.
  1551 | D:3      | 1551 ||| FLEEEEING.
  1552 | D:3      | 1552 ||| FLEEEEING.
  1553 | D:3      | 1553 ||| FLEEEEING.
  1554 | D:3      | 1554 ||| FLEEEEING.
  1555 | D:3      | 1555 ||| FLEEEEING.
  1556 | D:3      | 1556 ||| FLEEEEING.
  1557 | D:3      | 1557 ||| FLEEEEING.
  1560 | D:3      | 1560 ||| FLEEEEING.
  1561 | D:3      | 1561 ||| FLEEEEING.
  1564 | D:3      | 1564 ||| FLEEEEING.
  1565 | D:3      | 1565 ||| FLEEEEING.
  1566 | D:3      | 1566 ||| FLEEEEING.
  1577 | D:3      | Reached XP level 5. HP: 18/32 MP: 5/5
  1643 | D:3      | 1643 ||| DROPPING +0 mace.
  1829 | D:3      | 1829 ||| Stepping ~*~*~tactically~*~*~ (stealth).
  1855 | D:3      | Reached skill level 5 in Axes
  1968 | D:3      | Noticed a black bear
  1979 | D:3      | Killed a black bear
  1980 | D:3      | Reached XP level 6. HP: 35/39 MP: 6/6
  2307 | D:3      | 2307 ||| UPGRADING to +0 plate armour.
  2317 | D:3      | 2317 ||| DROPPING +0 scale mail.
  2318 | D:3      | 2318 ||| UPGRADING to ring of positive energy.
  2319 | D:3      | 2319 ||| READING scroll labelled YCOCVY HEZA.
  2320 | D:3      | 2320 ||| READING 2 scrolls of identify.
  2320 | D:3      | 2320 ||| IDENTIFYING yellow potion
  2359 | D:4      | Noticed Menkaure
  2364 | D:4      | 2364 ||| Stepping ~*~*~tactically~*~*~ (hiding).
  2365 | D:4      | 2365 ||| Stepping ~*~*~tactically~*~*~ (hiding).
  2366 | D:4      | 2366 ||| FLEEEEING.
  2367 | D:4      | 2367 ||| Stepping ~*~*~tactically~*~*~ (hiding).
  2368 | D:4      | 2368 ||| FLEEEEING.
  2375 | D:4      | HP: 7/39 [Menkaure (10)]
  2376 | D:4      | Slain by Menkaure

Levels and vault maps discovered:
D:1:      lemuel_arrival_cross, layout_rooms, minmay_vboxes
D:2:      layout_basic, serial_shops, shop, basic_ecumenical_altar,
          grunt_ministairs_10
D:3:      layout_loops_corners, fountainhead, minmay_pentomino_pile
D:4:      layout_rooms, serial_shops, nicolae_shop_stone,
          chequers_serial_rivers_marsh, uniq_pikel, uniq_menkaure, uniq_grinder

Skill      XL: |  1  2  3  4  5 |
---------------+----------------+-----
Axes           | 2 3 4 5 |  5.4
Fighting       | 4 |  4.5
Armour         | |  3.2
Shields        | |  3.2

Action                     |  1- 3 |  4- 6 || total
---------------------------+-------+-------++-------
  Melee: War axe           |   100 |   132 ||   232
    Use: Scroll            |     1 |     3 ||     4
 Armour: Scale mail        |    48 |    72 ||   120
         Plate armour      |       |     5 ||     5
  Dodge: Dodged            |    31 |    52 ||    83
  Block: Buckler           |    15 |    19 ||    34

Table legend:
 A = Non-vault XP
 B = Vault XP
 C = Vault XP percentage of total XP
 D = Non-vault monster count
 E = Vault monster count
 F = Vault count percentage of total count
                 A         B        C        D         E       F
            +---------+---------+-------+---------+---------+-------
      Total |     430 |      25 |   5.5 |      68 |      14 |  17.1
            +---------+---------+-------+---------+---------+-------
        D:1 |      34 |      10 |  22.7 |      21 |       6 |  22.2
        D:2 |      76 |       3 |   3.8 |      19 |       2 |   9.5
        D:3 |     272 |      12 |   4.2 |      24 |       6 |  20.0
        D:4 |      48 |       0 |   0.0 |       4 |       0 |   0.0
            +---------+---------+-------+---------+---------+-------
